 Dungeon Crawl Stone Soup version 0.23.2-40-g277498a001 (webtiles) character file.

Game seed: 17198369857689117665

21 FishyPogo the Sneak (level 2, -1/13 HPs)
             Began as a Spriggan Enchanter on Aug 23, 2019.
             Slain by a hobgoblin
             ... wielding a +0 club
              (5 damage)
             ... on level 1 of the Dungeon.
             The game lasted 00:06:32 (1160 turns).

FishyPogo the Sneak (Spriggan Enchanter)            Turns: 1160, Time: 00:06:33

Health: -1/13      AC:  2    Str:  4    XL:     2   Next: 62%
Magic:  6/7        EV: 18    Int: 16    God:
Gold:   0          SH:  0    Dex: 16    Spells: 4/7 levels left

rFire    . . .     SeeInvis +   a - +1 dagger
rCold    . . .     Gourm    .   (shield restricted)
rNeg     . . .     Faith    .   b - +0 robe
rPois    .         Spirit   .   (helmet restricted)
rElec    .         Reflect  .   (no cloak)
rCorr    .         Harm     .   (gloves unavailable)
MR       .....                  (boots unavailable)
Stlth    +++.......             (no amulet)
HPRegen  0.04/turn              (no ring)
MPRegen  0.10/turn              (no ring)

@: very quick
A: very small, unfitting armour, see invisible, herbivore, speed 3, slow
metabolism 2
a: no special abilities


You were on level 1 of the Dungeon.
You were not hungry.

You visited 1 branch of the dungeon, and saw 2 of its levels.

Inventory:

Hand Weapons
 a - a +1 dagger (weapon)
Missiles
 h - 41 stones (quivered)
Armour
 b - a +0 robe (worn)
Scrolls
 c - a scroll of enchant weapon {unknown}
 e - 2 scrolls of identify {unknown}
 f - a scroll of teleportation {unknown}
Potions
 g - a potion of magic {unknown}
Comestibles
 d - a ration


   Skills:
 * Level 1.7 Short Blades
 + Level 3.2 Dodging
 + Level 4.6 Stealth
 * Level 3.1 Spellcasting
 * Level 4.0 Hexes


You had 4 spell levels left.
You knew the following spells:

 Your Spells              Type           Power        Failure   Level  Hunger
a - Corona                Hex            ###....      3%          1    #......
b - Ensorcelled Hibernat  Hex/Ice        #.....       12%         2    ##.....

Your spell library contained the following spells:

 Spells                   Type           Power        Failure   Level  Hunger
 Confuse                  Hex            ###.....     11%         3    ###....
 Tukima's Dance           Hex            ###.....     11%         3    ###....
 Dazzling Spray           Conj/Hex       #.....       24%         3    ###....


Dungeon Overview and Level Annotations

Branches:
Dungeon (2/15)

Altars:


Innate Abilities, Weirdness & Mutations

You are very small and have problems with some larger weapons.
You are too small for most types of armour.
You have supernaturally acute eyesight. (SInv)
You are a herbivore.
You cover ground extremely quickly.
You need to consume almost no food.


Message History

Press: ? - help, Shift-Dir - straight line, f - hobgoblin
Aim: a hobgoblin, wielding a +0 club (hasn't noticed you, chance to defeat MR: 69%)
The hobgoblin shouts!
The hobgoblin is outlined in light.
You hit the hobgoblin.
The hobgoblin is lightly wounded.
The hobgoblin hits you with a +0 club.
You see here a giant cockroach corpse.
The hobgoblin shouts!
The hobgoblin stops glowing.
Casting: Corona (safe; 3% risk of failure)
Confirm with . or Enter, or press ? or * to list all spells.
Aiming: Corona (safe; 3% risk of failure)
Press: ? - help, Shift-Dir - straight line, f/p - hobgoblin
Aim: a hobgoblin, wielding a +0 club (lightly wounded, chance to defeat MR: 69%)
The hobgoblin is outlined in light.
You hit the hobgoblin but do no damage.
The hobgoblin is lightly wounded.
The hobgoblin hits you with a +0 club.
You die...

#.############'####### #.#
#.# #.....# #.# #.#
#.##.....# #.# #.# #.##..<..#
#.# #.# #..####### #.###.#
#..# ######### #.....# #..#
)..)....# #####.# #..####..
#######.# #@# #......h. ##
#.# #g###.#####..h .###
#.########............#
.#.####........g...........##
.............###.###.#####.#
..........g..# #.# #.#
....###g.##..# #.###.#
##.##(...##..# #.##.#.
####.#†###..###.#.### ##


You could see 2 hobgoblins.

Vanquished Creatures
  2 dart slugs (D:1)
  A leopard gecko (D:1)
  3 giant cockroaches (D:1)
  A hobgoblin (D:1)
  3 kobolds (D:1)
  A ball python (D:1)
  2 bats (D:1)
  2 frilled lizards (D:1)
  A rat (D:1)
16 creatures vanquished.

Notes
Turn   | Place    | Note
-------+----------+-------------------------------------------
     0 | D:1      | FishyPogo the Spriggan Enchanter began the quest for the
                  | Orb.
     0 | D:1      | Reached XP level 1. HP: 9/9 MP: 5/5
   791 | D:1      | Reached XP level 2. HP: 12/13 MP: 6/6
   798 | D:1      | Learned a level 2 spell: Ensorcelled Hibernation
  1160 | D:1      | Slain by a hobgoblin

Skill      XL: |  1  2 |
---------------+-------+-----
Spellcasting   | 3 |  3.1
Hexes          | 4 |  4.0
Short Blades   | |  1.7
Dodging        | |  3.2
Stealth        | |  4.6

Action                   || total
-------------------------++-------
Melee: Dagger            ||    71
Throw: Stone             ||     1
 Cast: Corona            ||    15
 Stab: Sleeping          ||     7
Armor: Robe              ||     6
Dodge: Dodged            ||    40
